 Dungeon Crawl Stone Soup version 0.28.0-53-g5a82cb258f (webtiles) character file.

Game seed: 12558338860332176174

4612 DocClef the Slicer (level 10, -7/86 HPs)
             Began as a Yellow Draconian Fighter on June 15, 2022.
             Mangled by a vault guard
             ... wielding a +0 broad axe
              (17 damage)
             ... in a bailey.
             The game lasted 00:09:56 (8905 turns).

DocClef the Slicer (Yellow Draconian Fighter)       Turns: 8905, Time: 00:09:56

Health: -7/86      AC: 11    Str: 19 (22) XL:     10   Next: 19%
Magic:  10/10      EV: 13    Int:  6 (9)  God:
Gold:   411        SH:  4    Dex:  9 (11) Spells: 9/9 levels left

rFire   . . .      SeeInvis .   a - +0 rapier (spect)
rCold   . . .      Faith    .   b - +0 buckler
rNeg    . . .      Spirit   .   (armour unavailable)
rPois   .          Reflect  .   (helmet restricted)
rElec   .          Harm     .   q - +2 cloak
rCorr   +          Rampage  .   (no gloves)
Will    .....                   s - +0 pair of boots
Stlth   ++........              (no amulet)
HPRegen 0.24/turn               (no ring)
MPRegen 0.12/turn               (no ring)

@: mighty
A: spit acid, AC +7, unfitting armour, cold-blooded, acid resistance
a: Breathe Acid


You were in a bailey.
You visited 1 branch of the dungeon, and saw 8 of its levels.
You also visited: Sewer and Bailey.

You collected 411 gold pieces.

Inventory:

Hand Weapons
 a - a +0 spectral rapier (weapon)
Armour
 b - a +0 buckler (worn)
 q - a +2 cloak (worn)
 s - a +0 pair of boots (worn)
Jewellery
 z - a ring of positive energy
 A - the ring "Opliacs" {rElec rF+ Will+ Int-3}
   (You took it off a gnoll on level 7 of the Dungeon)

   [ring of willpower]

   Int:       It affects your intelligence (-3).
   rF:        It protects you from fire.
   rElec:     It insulates you from electricity.
   Will:      It increases your willpower.
Wands
 h - a wand of flame (11)
 m - a wand of charming (5)
 o - a wand of polymorph (7)
 x - a wand of iceblast (16)
 y - a wand of digging (4)
Scrolls
 e - 2 scrolls of magic mapping
 f - 2 scrolls of vulnerability
 j - 2 scrolls of teleportation
 r - 4 scrolls of identify
 v - 3 scrolls of enchant armour
 B - a scroll of fog
 C - a scroll of brand weapon
 D - a scroll of summoning
 E - a scroll of acquirement {unknown}
Potions
 d - 6 potions of curing
 g - 2 potions of cancellation
 i - 2 potions of haste
 k - a potion of magic
 l - 4 potions of degeneration
 n - 3 potions of flight {unknown}
 p - a potion of resistance
 t - a potion of heal wounds {unknown}
 u - 3 potions of brilliance {unknown}
 w - a potion of lignification {unknown}


   Skills:
 + Level 7.6 Fighting
 + Level 10.5 Short Blades
 + Level 7.5 Dodging
 + Level 3.6 Stealth
 - Level 4.0 Shields


You had 9 spell levels left.
You didn't know any spells.
Your spell library contained the following spells:

 Spells                   Type           Power      Damage    Failure   Level
 Confusing Touch          Hex            0%         N/A       88%         3
 Dazzling Flash           Conj/Hex       0%         N/A       88%         3
 Mephitic Cloud           Conj/Pois/Air  0%         N/A       88%         3
 Iskenderun's Mystic Bla  Conj/Tloc      0%         2d3       99%         4
 Yara's Violent Unravell  Hex/Tmut       0%         3d3       100%        5
 Dispersal                Tloc           0%         N/A       100%        6
 Starburst                Conj/Fire      0%         6d3       100%        6
 Enfeeble                 Hex            0%         N/A       100%        7
 Disjunction              Tloc           0%         N/A       100%        8


Dungeon Overview and Level Annotations

Branches:
Dungeon (8/15)               Lair (0/6) D:8           Sewer (visited)
 Bailey (1/1)
 Temple: D:4-7

Altars:
Zin


Innate Abilities, Weirdness & Mutations

You can spit globs of acid.
Your golden yellow scales are hard. (AC +7)
You cannot fit into any form of body armour.
You are cold-blooded and may be slowed by cold attacks.
You are resistant to acid. (rCorr)


Message History

The vault guard completely misses your +0 spectral rapier.
You closely miss the vault guard.
The vault guard is lightly wounded.
Your +0 spectral rapier hits the vault guard.
The vault guard hits you with a +0 broad axe!
The vault guard hits your +0 spectral rapier with a +0 broad axe!
Your spectral weapon shares its damage with you!
Your +0 spectral rapier fades away.
You hit the vault guard but do no damage.
The vault guard is lightly wounded.
Your +0 spectral rapier hits the vault guard but does no damage.
The vault guard hits you with a +0 broad axe!
The vault guard hits your +0 spectral rapier with a +0 broad axe!
Your spectral weapon shares its damage with you!
You hit the vault guard but do no damage.
The vault guard is lightly wounded.
Your +0 spectral rapier hits the vault guard.
You feel very mighty all of a sudden.
The vault guard hits you with a +0 broad axe.
You hit the vault guard.
The vault guard is lightly wounded.
Your +0 spectral rapier hits the vault guard.
You block the vault guard's attack.
The vault guard hits your +0 spectral rapier with a +0 broad axe.
Your spectral weapon shares its damage with you!
You puncture the vault guard!
The vault guard is moderately wounded.
Your +0 spectral rapier barely misses the vault guard.
The vault guard hits you with a +0 broad axe!
* * * LOW HITPOINT WARNING * * *
The vault guard hits your +0 spectral rapier with a +0 broad axe!
Your spectral weapon shares its damage with you!
* * * LOW HITPOINT WARNING * * *
It was a potion of magic.
Magic courses through your body. The vault guard completely misses you.
It was a potion of degeneration.
There was something very wrong with that liquid.
You feel weakened.
You feel dopey.
You feel clumsy.
The vault guard hits you with a +0 broad axe!
You die...

###### #≈@'.### #≈≈p.#≈.≈##
#≈..§≈#≈.≈≈## #...≈##≈.≈≈≈#
#########!!###≈≈..≈#######
##....#≈≈####≈≈≈...##.....##
##.....#≈≈≈≈≈≈≈≈....#.......#
#...#..'.†)≈≈≈...≈≈.)..∩....#
#...#..#.†).........#.......#


You could see a vault guard.

Vanquished Creatures
  A vault guard (Bailey)
  A troll (D:7)
  Prince Ribbit (Bailey)
  A wyvern (D:8)
  2 humans (Bailey)
  A steam dragon (D:6)
  2 water moccasins (D:5)
  Duvessa (D:7)
  2 black bears
  2 sky beasts
  A necrophage (D:5)
  2 ogres
  3 centaurs
  A phantom (D:5)
  4 scorpions
  9 bullfrogs
  A water moccasin zombie (D:5)
  Dowan (D:7)
  A water moccasin skeleton (D:4)
  2 centaur zombies
  A gnoll shaman (D:7)
  A jelly (D:5)
  Crazy Yiuf (D:3)
  4 hounds
  A bullfrog skeleton (D:5)
  Ijyb (D:3)
  4 iguanas
  A hell rat (Sewer)
  A hound skeleton (D:5)
  A hound zombie (D:5)
  Robin (D:4)
  10 gnolls
  9 adders
  2 river rats (Sewer)
  3 shadow imps
  2 white imps
  A worm (D:4)
  5 dart slugs
  4 orcs
  7 endoplasms
  3 giant cockroaches
  14 hobgoblins
  4 jackals (D:2)
  4 kobolds
  12 quokkas
  6 ball pythons
  3 bats
  4 frilled lizards
  20 goblins
  A jackal skeleton (D:2)
  A quokka skeleton (D:4)
  10 rats
181 creatures vanquished.

Notes
Turn   | Place    | Note
-------+----------+-------------------------------------------
     0 | D:1      | DocClef the Draconian Fighter began the quest for the Orb.
     0 | D:1      | Reached XP level 1. HP: 19/19 MP: 1/1
   207 | D:1      | Reached XP level 2. HP: 25/26 MP: 2/2
   762 | D:1      | Found a faded altar of an unknown god.
  1139 | D:2      | Reached XP level 3. HP: 30/31 MP: 3/3
  1659 | D:2      | Reached skill level 3 in Short Blades
  1883 | D:3      | Reached XP level 4. HP: 39/39 MP: 4/4
  2477 | D:3      | Noticed Ijyb
  2495 | D:3      | Killed Ijyb
  2496 | D:3      | Reached XP level 5. HP: 34/46 MP: 5/5
  2965 | D:3      | Found a runed translucent door.
  2966 | D:3      | Noticed Crazy Yiuf
  3239 | D:3      | Killed Crazy Yiuf
  3240 | D:3      | Reached skill level 4 in Short Blades
  3507 | D:4      | Found a glowing silver altar of Zin.
  3522 | D:4      | Found a glowing drain.
  3538 | Sewer    | Entered a sewer
  3601 | Sewer    | HP: 2/43 [hell rat (15)]
  3983 | D:4      | Noticed Robin
  4023 | D:4      | Killed Robin
  4153 | D:4      | Reached XP level 6. HP: 44/52 MP: 6/6
  4444 | D:4      | Reached skill level 5 in Short Blades
  4605 | D:4      | Got Sif Muna's Papyrus of Displacement and Toxins
  4725 | D:4      | Your scales start taking on a golden yellow colour.
  4725 | D:4      | Reached XP level 7. HP: 59/60 MP: 7/7
  4725 | D:4      | Gained mutation: You are resistant to acid. (rCorr) [Yellow
                  | Draconian growth]
  4729 | D:4      | Reached skill level 1 in Stealth
  5001 | D:5      | Entered Level 5 of the Dungeon
  5025 | D:5      | Reached skill level 6 in Short Blades
  5371 | D:5      | Reached skill level 5 in Fighting
  5371 | D:5      | Reached skill level 5 in Dodging
  5371 | D:5      | Reached XP level 8. HP: 68/68 MP: 8/8
  5479 | D:5      | Reached skill level 7 in Short Blades
  5953 | D:5      | Found Misheq's Jewellery Shop.
  6019 | D:6      | Reached skill level 8 in Short Blades
  6786 | D:6      | Reached XP level 9. HP: 65/75 MP: 9/9
  7508 | D:7      | Noticed Dowan
  7509 | D:7      | Noticed Duvessa
  7515 | D:7      | Killed Dowan
  7520 | D:7      | Killed Duvessa
  7521 | D:7      | Reached skill level 9 in Short Blades
  7619 | D:7      | Identified the ring "Opliacs" {rElec rF+ Will+ Int-3}
  7720 | D:7      | Noticed a troll
  7727 | D:7      | Killed a troll
  8001 | D:8      | Found a staircase to the Lair.
  8245 | D:8      | Found a flagged portal.
  8273 | Bailey   | Entered a bailey
  8599 | Bailey   | Reached skill level 10 in Short Blades
  8704 | Bailey   | Noticed Prince Ribbit
  8704 | Bailey   | Noticed a vault guard
  8778 | Bailey   | Killed a vault guard
  8779 | Bailey   | Reached XP level 10. HP: 68/86 MP: 10/10
  8783 | Bailey   | Killed Prince Ribbit
  8890 | Bailey   | Noticed a vault guard
  8905 | Bailey   | Mangled by a vault guard

Illustrated notes

Levels and vault maps discovered:
D:1:      nicolae_arrival_somewhat_less_tricky_arrival, layout_basic,
          dreamdust_ecumenical_altar_statues, minmay_misc_feat_rows
D:2:      layout_loops_ring
D:3:      layout_basic, minivault_5, serial_park_tiny_1,
          uniq_crazy_yiuf_cottage, uniq_ijyb
D:4:      cheibrodos_barr_body, layout_gridville, zin_academy,
          portal_sewer_entry_f, uniq_robin
D:5:      layout_cave_pools, serial_shops, nicolae_shop_waterfront,
          kennysheep_generic_room_2
D:6:      layout_gridville
D:7:      layout_basic, minmay_temple_entry_mini_moons, nicolae_lava_and_water,
          uniq_duvessa
D:8:      minmay_gate_of_8, layout_basic, lair_entry_dummy, enter_bailey_3
Bailey:   bailey_axe_froggy_fort_hellmonk, bailey

Skill      XL: |  1  2  3  4  5  6  7  8  9 |
---------------+----------------------------+-----
Dodging        | 3 4 5 6 7 |  7.5
Short Blades   | 3 4 5 6 8 10 | 10.5
Fighting       | 4 5 6 7 |  7.6
Stealth        | 1 3 |  3.6
Shields        | 4 |  4.0

Action                   |  1- 3 |  4- 6 |  7- 9 | 10-12 || total
-------------------------+-------+-------+-------+-------++-------
Melee: Rapier            |   119 |   209 |   382 |    12 ||   722
       Tailslap          |    16 |    28 |    54 |       ||    98
       Unarmed           |       |     1 |       |       ||     1
 Abil: Breathe Acid      |       |       |     7 |       ||     7
  Use: Scroll            |       |     9 |     7 |       ||    16
       Potion            |       |       |     2 |     3 ||     5
 Stab: Sleeping          |     1 |       |       |       ||     1
       Distracted        |       |       |     2 |     1 ||     3
Armor: Skin              |    34 |    55 |   160 |     1 ||   250
Dodge: Dodged            |    58 |   106 |   214 |     4 ||   382
Block: Buckler           |    23 |    33 |    65 |     1 ||   122
